 Dungeon Crawl Stone Soup version 0.30.0-5-g1a98f26d00 (webtiles) character file.

Game seed: 2430440169870702438

51 CaptainMV the Vexing (level 3, -9/28 HPs)
             Began as a Gnoll Hexslinger on May 11, 2023.
             Killed by an exploding frilled lizard (31 damage)
             ... ignited by their inner flame
             ... on level 2 of the Dungeon.
             The game lasted 00:14:19 (997 turns).

CaptainMV the Vexing (Gnoll Hexslinger)              Turns: 997, Time: 00:14:20

Health: -9/28      AC:  2    Str:  8 (9)  XL:     3   Next: 83%
Magic:  3/7        EV: 13    Int: 13 (14) God:
Gold:   90         SH:  0    Dex: 12      Spells: 0/7 levels left

rFire   . . .        b - +2 dagger (speed)
rCold   . . .        (no shield)
rNeg    . . .        c - +0 robe
rPois   .            (no helmet)
rElec   .            (no cloak)
rCorr   .            k - +0 pair of gloves
SInv    .            (no boots)
Will    .....        (no amulet)
Stlth   ++           (no ring)
HPRegen 0.24/turn    (no ring)
MPRegen 0.10/turn

%: no passive effects
@: no status effects
A: fangs 1, strong nose, distributed training, deformed body, subdued magic 1
a: no special abilities


You were on level 2 of the Dungeon.
You visited 1 branch of the dungeon, and saw 2 of its levels.

You collected 90 gold pieces.

Inventory:

Hand Weapons
 b - a +2 dagger of speed (weapon)
 h - a +1 sling
Missiles
 f - 3 boomerangs (quivered)
Armour
 c - a +0 robe (worn)
 k - a +0 pair of gloves (worn)
Magical Staves
 a - a staff of fire
Scrolls
 d - a scroll of poison
 j - a scroll of teleportation
Potions
 e - a potion of degeneration {unknown}
 g - a potion of curing
 i - a potion of berserk rage {unknown}
 l - a potion of brilliance {unknown}


   Skills:
 + Level 2.7 Fighting
 + Level 1.0 Short Blades
 + Level 1.0 Long Blades
 + Level 1.0 Axes
 + Level 1.0 Maces & Flails
 + Level 1.0 Polearms
 + Level 1.0 Staves
 + Level 4.6 Ranged Weapons
 + Level 1.0 Throwing
 + Level 1.0 Armour
 + Level 4.6 Dodging
 + Level 1.0 Stealth
 + Level 1.0 Shields
 + Level 1.0 Unarmed Combat
 + Level 2.9 Spellcasting
 + Level 0.7 Conjurations
 + Level 5.4 Hexes
 + Level 0.7 Summonings
 + Level 0.7 Necromancy
 + Level 0.7 Translocations
 + Level 0.7 Transmutations
 + Level 0.7 Fire Magic
 + Level 0.7 Ice Magic
 + Level 0.7 Air Magic
 + Level 0.7 Earth Magic
 + Level 0.7 Poison Magic
 + Level 1.1 Invocations
 + Level 1.0 Evocations


You couldn't memorise any spells.
You knew the following spells:

 Your Spells              Type           Power      Damage    Failure   Level
a - Slow                  Hex            48%        N/A       1%          1
b - Inner Flame           Hex/Fire       7%         N/A       16%         3
c - Portal Projectile     Hex/Tloc       14%        N/A       16%         3

Your spell library contained the following spells:

 Spells                   Type           Power      Damage    Failure   Level
 Cause Fear               Hex            6%         N/A       21%         4


Dungeon Overview and Level Annotations

Branches:
Dungeon (2/15)

Altars:


Innate Abilities, Weirdness & Mutations

You have very sharp teeth.
Your uncanny sense of smell can sniff out nearby items.
Your experience applies equally to all skills.
Armour fits poorly on your strangely shaped body.
Your spells are a little easier to cast, but a little less powerful.


Message History

You hit the quokka.
You kill the quokka!
An endoplasm comes into view.
Throw: 3 boomerangs
Press: ? - help, Q - select action, (/) - cycle Shift-Dir - straight line, f - endoplasm
Aim: an endoplasm (wandering, hasn't noticed you, 85% to hit)
You throw a boomerang.
The boomerang hits the endoplasm but does no damage.
You hit the endoplasm but do no damage. You bite the endoplasm.
The endoplasm is lightly wounded.
The endoplasm barely misses you.
You hit the endoplasm.
The endoplasm is almost dead.
You hit the endoplasm.
You kill the endoplasm!
Found a stone staircase leading down.
A frilled lizard comes into view.
Casting: Inner Flame (quite dangerous; 16% risk of failure)
Confirm with . or Enter, or press ? or * to list all spells.
The spell is quite dangerous to miscast (16% risk of failure)!
Continue anyway?
Aiming: Inner Flame (quite dangerous; 16% risk of failure)
Press: ? - help, Dir - move target, f - frilled lizard
Aim: a frilled lizard (asleep, chance to affect: 71%)
The frilled lizard hisses angrily.
The frilled lizard is filled with an inner flame.
Throw: 3 boomerangs
Press: ? - help, Q - select action, (/) - cycle Shift-Dir - straight line, f/p - frilled lizard
Aim: a frilled lizard (inner flame, 38% to hit)
You throw a boomerang.
The boomerang closely misses the frilled lizard.
Throw: 3 boomerangs
Press: ? - help, Q - select action, (/) - cycle Shift-Dir - straight line, f/p - frilled lizard
Aim: a frilled lizard (inner flame, 38% to hit)
You throw a boomerang.
The boomerang misses the frilled lizard.
You hit the frilled lizard.
The frilled lizard explodes!
The fiery explosion engulfs you!!
Ouch! That really hurt!
You die...

... #.# # #.#
. . # #.. ∆
.#. # ### ...
# #.# ### #
#.. ..# # #§#
#.# # #§#
#.###### #
#@###......# #
#.....####.###
#
###<#.........
# ...#.......#
. ...#
###.#^†###....
#..# #.#..#
>.. ##..#
#.#..# # ...#
#.#..#.# #..#
#.#..#.#..


There were no monsters in sight!

Vanquished Creatures
  A gnoll (D:1)
  An adder (D:2)
  A dart slug (D:2)
  3 bats
  3 endoplasms
  A giant cockroach (D:2)
  4 goblins
  A hobgoblin (D:1)
  3 quokkas
  5 ball pythons
  A frilled lizard (D:2)
  4 kobolds (D:2)
  2 rats (D:1)
30 creatures vanquished.

Notes
Turn   | Place    | Note
-------+----------+-------------------------------------------
     0 | D:1      | CaptainMV the Gnoll Hexslinger began the quest for the Orb.
     0 | D:1      | Reached XP level 1. HP: 17/17 MP: 4/4
    76 | D:1      | Reached XP level 2. HP: 3/23 MP: 5/5
   106 | D:1      | Gained mutation: Your natural rate of healing is unusually
                  | fast. [potion of mutation]
   106 | D:1      | Gained mutation: Armour fits poorly on your strangely
                  | shaped body. [potion of mutation]
   106 | D:1      | Gained mutation: Your body sometimes deteriorates upon
                  | taking damage. [potion of mutation]
   543 | D:1      | Reached XP level 3. HP: 28/28 MP: 7/7
   547 | D:1      | Learned a level 3 spell: Inner Flame
   551 | D:1      | Learned a level 3 spell: Portal Projectile
   645 | D:2      | Lost mutation: Your natural rate of healing is unusually
                  | fast. [potion of mutation]
   645 | D:2      | Lost mutation: Your body sometimes deteriorates upon taking
                  | damage. [potion of mutation]
   645 | D:2      | Gained mutation: Your spells are a little easier to cast,
                  | but a little less powerful. [potion of mutation]
   779 | D:2      | Reached skill level 1 in Invocations
   804 | D:2      | Found the amulet of Elemental Vulnerability {rPois rF--
                  | rC-- AC+8}
   938 | D:2      | Reached skill level 1 in Short Blades
   938 | D:2      | Reached skill level 1 in Long Blades
   938 | D:2      | Reached skill level 1 in Axes
   938 | D:2      | Reached skill level 1 in Maces & Flails
   938 | D:2      | Reached skill level 1 in Polearms
   938 | D:2      | Reached skill level 1 in Staves
   938 | D:2      | Reached skill level 1 in Throwing
   938 | D:2      | Reached skill level 1 in Armour
   938 | D:2      | Reached skill level 1 in Stealth
   938 | D:2      | Reached skill level 1 in Shields
   938 | D:2      | Reached skill level 1 in Unarmed Combat
   938 | D:2      | Reached skill level 1 in Evocations
   997 | D:2      | Killed by an exploding frilled lizard... ignited by their
                  | inner flame

Illustrated notes

Levels and vault maps discovered:
D:1:      psy_arrival_radial01, layout_basic, palyth_stone_intersect,
          nicolae_grassy_gnolls
D:2:      layout_loops_ring, serial_shops, shop, solitary_fountain,
          corexii_corridor_pit

Skill      XL: |  1  2  3 |
---------------+----------+-----
Invocations    | 1 |  1.1
Short Blades   | 1 |  1.0
Long Blades    | 1 |  1.0
Axes           | 1 |  1.0
Maces & Flails | 1 |  1.0
Polearms       | 1 |  1.0
Staves         | 1 |  1.0
Throwing       | 1 |  1.0
Armour         | 1 |  1.0
Stealth        | 1 |  1.0
Shields        | 1 |  1.0
Unarmed Combat | 1 |  1.0
Evocations     | 1 |  1.0
Fighting       | |  2.7
Ranged Weapons | |  4.6
Dodging        | |  4.6
Spellcasting   | |  2.9
Conjurations   | |  0.7
Hexes          | |  5.4
Summonings     | |  0.7
Necromancy     | |  0.7
Translocations | |  0.7
Transmutations | |  0.7
Fire Magic     | |  0.7
Ice Magic      | |  0.7
Air Magic      | |  0.7
Earth Magic    | |  0.7
Poison Magic   | |  0.7

Action                     || total
---------------------------++-------
  Melee: Staff             ||    31
         Bite              ||     6
         Dagger            ||    56
   Fire: Sling             ||     7
  Throw: Boomerang         ||    34
   Cast: Slow              ||     1
         Inner Flame       ||     5
    Use: Scroll            ||     5
         Potion            ||     2
 Armour: Robe              ||    16
  Dodge: Dodged            ||    56
